 Dungeon Crawl Stone Soup version 0.29.1-13-g9f3cf754e1 (webtiles) character file.

Game seed: 13287023222050463620

29 javelincjr the Firebug (level 3, -2/24 HPs)
             Began as a Demonspawn Fire Elementalist on Jan 30, 2023.
             Slain by a gnoll
             ... wielding a +0 whip
              (8 damage)
             ... on level 2 of the Dungeon.
             The game lasted 00:03:39 (1383 turns).

javelincjr the Firebug (DsFE)                       Turns: 1383, Time: 00:03:39

Health: -2/24      AC:  2    Str: 10    XL:     3   Next: 1%
Magic:  1/6        EV: 12    Int: 16    God:
Gold:   65         SH:  0    Dex: 13    Spells: 5/6 levels left

rFire   . . .      SeeInvis .   c - +0 short sword
rCold   . . .      Faith    .   (no shield)
rNeg    . . .      Spirit   .   a - +0 robe
rPois   .          Reflect  .   (helmet restricted)
rElec   .          Harm     .   (no cloak)
rCorr   .          Rampage  .   (no gloves)
Will    .....                   (no boots)
Stlth   +.........              (no amulet)
HPRegen 0.08/turn               (no ring)
MPRegen 0.10/turn               (no ring)

@: silenced
A: horns 1
a: no special abilities


You were on level 2 of the Dungeon.
You visited 1 branch of the dungeon, and saw 2 of its levels.

You collected 65 gold pieces.

Inventory:

Hand Weapons
 c - a +0 short sword (weapon)
Armour
 a - a +0 robe (worn)
Jewellery
 g - an amulet of faith
Scrolls
 f - a scroll of teleportation {unknown}
 h - a scroll of enchant weapon {unknown}
Potions
 b - a potion of magic
 e - a potion of cancellation {unknown}


   Skills:
 + Level 0.1 Short Blades
 + Level 2.0 Dodging
 + Level 1.8 Stealth
 + Level 2.1 Spellcasting
 + Level 1.8 Conjurations
 + Level 3.1 Fire Magic


You had 5 spell levels left.
You knew the following spells:

 Your Spells              Type           Power      Damage    Failure   Level
a - Foxfire               Conj/Fire      36%        2x1d5     8%          1

Your spell library contained the following spells:

 Spells                   Type           Power      Damage    Failure   Level
 Scorch                   Fire           22%        2d6       9%          2
 Conjure Flame            Conj/Fire      9%         6-21      22%         3
 Inner Flame              Hex/Fire       6%         N/A       32%         3
 Flame Wave               Conj/Fire      9%         2d6       58%         4


Dungeon Overview and Level Annotations

Branches:
Dungeon (2/15)

Altars:

Shops:
D:2 !


Innate Abilities, Weirdness & Mutations

You have a pair of small horns on your head.


Message History

The gnoll is almost dead.
The foxfire hits the gnoll but does no damage.
The gnoll is almost dead.
The gnoll completely misses you.
You hit the gnoll.
You kill the gnoll!
You have reached level 3!
Your experience leads to an increase in your attributes!
Increase (S)trength, (I)ntelligence, or (D)exterity?
You feel stronger. x2
A gnoll is nearby!
You see here a +0 halberd.
You see here a +0 barding.
A gnoll comes into view. It is wielding a +0 whip.
The gnoll shouts!
Casting: Foxfire (safe; 8% risk of failure)
Confirm with . or Enter, or press ? or * to list all spells.
You don't know that spell.
Casting: Foxfire (safe; 8% risk of failure)
Confirm with . or Enter, or press ? or * to list all spells.
You conjure some foxfire!
The foxfire hits the gnoll but does no damage.
The gnoll hits you with a +0 whip.
You barely miss the gnoll. The gnoll completely misses you.
You barely miss the gnoll. The gnoll hits you with a +0 whip. x2
You barely miss the gnoll. Your punch misses the gnoll.
The gnoll barely misses you. The gnoll hits you but does no damage.
You barely miss the gnoll. You headbutt the gnoll.
The gnoll is lightly wounded.
The gnoll hits you with a +0 whip!
* * * LOW HITPOINT WARNING * * *
The gnoll completely misses you.
You hit the gnoll but do no damage.
You headbutt the gnoll, but do no damage.
The gnoll is lightly wounded.
The gnoll barely misses you. The gnoll closely misses you.
As you read the scroll labelled TOSALLICATS, it crumbles to dust.
A profound silence engulfs you.
It was a scroll of silence.
The gnoll closely misses you. The gnoll hits you with a +0 whip!
You die...

#......).†.......#
##+#....####.#.#..#.#.#
......##.#............!#
........<#..###.##)#...#
.........#.. #.##.# ...#
###+#...... ..##[# ...
####... #.####.# ##
.....#.####.#
.....#.g@g..#
##...######## .#..


You could see 2 gnolls.

Vanquished Creatures
  A gnoll (D:2)
  A dart slug (D:1)
  2 endoplasms (D:1)
  A giant cockroach (D:2)
  2 hobgoblins
  3 ball pythons (D:1)
  5 bats (D:1)
  A frilled lizard (D:1)
  3 kobolds
19 creatures vanquished.

Vanquished Creatures (others)
  44 foxfires
44 creatures vanquished.

Grand Total: 63 creatures vanquished

Notes
Turn   | Place    | Note
-------+----------+-------------------------------------------
     0 | D:1      | javelincjr the Demonspawn Fire Elementalist began the quest
                  | for the Orb.
     0 | D:1      | Reached XP level 1. HP: 13/13 MP: 3/3
   310 | D:1      | Reached skill level 3 in Fire Magic
   618 | D:1      | Discovered your monstrous ancestry.
   618 | D:1      | Gained mutation: You have a pair of small horns on your
                  | head. [demonic ancestry]
   618 | D:1      | Reached XP level 2. HP: 19/19 MP: 3/5
  1127 | D:1      | Found a faded altar of an unknown god.
  1295 | D:2      | Found Poapriyn's Distillery.
  1367 | D:2      | Reached XP level 3. HP: 24/24 MP: 0/6
  1383 | D:2      | Slain by a gnoll

Illustrated notes

Levels and vault maps discovered:
D:1:      onia_arrival_mini_spirals, layout_basic,
          shapermc_ecumenical_altar_ellora
D:2:      layout_basic, serial_shops, nicolae_shop_window_shopping, basic_altar,
          uniq_jessica, uniq_sigmund, uniq_crazy_yiuf_cottage

Skill      XL: |  1  2 |
---------------+-------+-----
Fire Magic     | 3 |  3.1
Dodging        | 2 |  2.0
Short Blades   | |  0.1
Stealth        | |  1.8
Spellcasting   | |  2.1
Conjurations   | |  1.8

Action                   || total
-------------------------++-------
Melee: Short sword       ||    14
       Unarmed           ||     1
       Headbutt          ||     2
 Cast: Foxfire           ||    28
  Use: Scroll            ||     1
 Stab: Sleeping          ||     1
Armor: Robe              ||     3
Dodge: Dodged            ||    10
